 Dungeon Crawl Stone Soup version 0.19-a0-1068-g99dd0f4 (webtiles) character file.

8019 poirepourri the Cleaver (level 11, -7/100 (101) HPs)
             Began as a Minotaur Fighter on Aug 4, 2016.
             Was an Elder of Makhleb.
             Mangled by a cyan ugly thing (13 damage)
             ... on level 11 of the Dungeon.
             The game lasted 00:13:35 (10959 turns).

poirepourri the Cleaver (Minotaur Fighter)         Turns: 10959, Time: 00:13:36

HP:   -7/100 (101)  AC:  8    Str: 23 (24) XL:     11   Next: 4%
MP:   10/10         EV: 11    Int:  4 (5)  God:    Makhleb [****..]
Gold: 668           SH: 11    Dex:  7 (10) Spells: 0 memorised, 10 levels left

rFire  x . .     SeeInvis .     a - +1 war axe
rCold  + . .     Gourm    .     b - +1 scale mail
rNeg   . . .     Faith    .     c - +1 shield
rPois  .         Spirit   .     (helmet restricted)
rElec  .         Dismiss  .     (no cloak)
rCorr  .         Reflect  .     (no gloves)
SustAt .         Harm     .     (no boots)
MR     .....                    j - amulet of rage
Stlth  ..........               h - ring of ice
                                u - +3 ring of slaying

@:
A: retaliatory headbutt, horns 2, wild magic 1
a: Minor Destruction, Lesser Servant of Makhleb, Major Destruction, Renounce
Religion, Evoke Berserk Rage


You were on level 11 of the Dungeon.
You worshipped Makhleb.
Makhleb was greatly pleased with you.
You were not hungry.

You visited 2 branches of the dungeon, and saw 12 of its levels.

You collected 668 gold pieces.

Inventory:

Hand Weapons
 a - a +1 war axe (weapon)
Missiles
 B - 76 bolts
Armour
 b - a +1 scale mail (worn)
 c - a +1 shield (worn)
 o - a gold dragon hide
 H - a +0 cloak
Jewellery
 g - an uncursed amulet of magic regeneration
 h - a ring of ice (right hand)
 j - an amulet of rage (around neck)
 u - a +3 ring of slaying (left hand)
 A - an uncursed ring of fire {unknown}
 E - a cursed amulet of inaccuracy {unknown}
Wands
 i - a wand of flame (23/48)
 z - a wand of acid (12/15)
 C - a wand of polymorph (16/24)
 I - a wand of confusion (9/48)
 J - a wand of polymorph (10/24)
Scrolls
 l - 3 scrolls of teleportation
 w - 4 scrolls of remove curse
Potions
 d - a potion of cure mutation
 e - 2 potions of flight
 f - 3 potions of curing
 k - a potion of haste
 n - a potion of lignification
 t - 3 potions of agility
 D - a potion of resistance {unknown}
 N - a potion of berserk rage {unknown}
 O - a potion of might
Books
 v - a book of Party Tricks

   Spells                             Type                      Level
   a - Summon Butterflies             Summoning                    1
   b - Apportation                    Translocation                1
   c - Tukima's Dance                 Hexes                        3
   d - Alistair's Intoxication        Transmutation/Poison         5
   e - Invisibility                   Hexes                        6
 y - a book of Summonings

   Spells                             Type                      Level
   a - Recall                         Summoning/Translocation      3
   b - Aura of Abjuration             Summoning                    5
   c - Summon Demon                   Summoning                    5
   d - Summon Forest                  Summoning/Translocation      5
   e - Summon Mana Viper              Hexes/Summoning              5
   f - Shadow Creatures               Summoning                    6
 F - a book of Beasts

   Spells                             Type                      Level
   a - Summon Butterflies             Summoning                    1
   b - Call Canine Familiar           Summoning                    3
   c - Summon Ice Beast               Ice/Summoning                4
   d - Summon Mana Viper              Hexes/Summoning              5
   e - Summon Hydra                   Summoning                    7
 G - a book of Transfigurations

   Spells                             Type                      Level
   a - Irradiate                      Conjuration/Transmutation    5
   b - Statue Form                    Transmutation/Earth          6
   c - Hydra Form                     Transmutation                6
   d - Dragon Form                    Transmutation                7
Comestibles
 q - 3 bread rations
 r - 5 fruits
 s - 3 meat rations
 M - a slice of pizza


   Skills:
 + Level 10.9 Fighting
 + Level 12.5 Axes
 + Level 6.8 Armour
 + Level 8.7 Dodging
 + Level 5.9 Shields
 + Level 1.1 Evocations


You had 10 spell levels left.
You didn't know any spells.

Dungeon Overview and Level Annotations

Branches:
Dungeon (11/15)            Temple (1/1) D:5
   Lair: D:8-11         Orc: D:9-12

Altars:
Ashenzari
Cheibriados
Elyvilon
Fedhas
Gozag
Hepliaklqana
Kikubaaqudgha
Makhleb
Nemelex Xobeh
Okawaru
Pakellas
Qazlal
Ru
Sif Muna
Trog
Vehumet
Xom
Yredelemnul
Zin
The Shining One

Shops:
D:6 }


Innate Abilities, Weirdness & Mutations

You reflexively headbutt those who attack you in melee.
You have a pair of horns on your head.
Your spells are a little harder to cast, but a little more powerful.


Message History

* * * LOW HITPOINT WARNING * * *
Okay, then.
Okay, then.
It was a potion of cancellation.
Your magical effects are unravelling.
You feel magically purged.
You feel a little less agile now.
The cyan ugly thing stings you but does no damage.
It was a potion of degeneration.
There was something very wrong with that liquid.
You feel weakened.
You feel dopey.
You feel clumsy.
You feel less woody.
Your +1 scale mail unmelds from your body.
The cyan ugly thing closely misses you.
It was a potion of beneficial mutation.
You feel less in control of your magic.
You feel fantastic! The cyan ugly thing stings you!
* * * LOW HITPOINT WARNING * * *
The cyan ugly thing shocks you!
You die...

........)..................
........)((...†............
........)..(..............#
...........................
.............#.............
............###............
...........## ##...........
............## ...........
..........@†.# .....###..
.........u.........##
................#
...............
...............
..............$
...............
...............


You could see a cyan ugly thing.

Vanquished Creatures
  A gargoyle (D:10)
  Psyche (D:8)
  A troll (D:9)
  Grinder (D:6)
  A wraith (D:11)
  4 yaks (D:9)
  A hippogriff (D:11)
  3 vampire mosquitoes (D:10)
  A hungry ghost (D:9)
  A water moccasin (D:8)
  4 ice beasts
  5 orc warriors
  3 phantoms
  A black bear (D:9)
  3 sky beasts
  An eye of draining (D:9)
  11 ogres
  A centaur (D:6)
  3 necrophages
  3 giant frogs (D:9)
  A wyvern zombie (D:9)
  6 scorpions
  A wyvern skeleton (D:8)
  4 killer bees
  2 howler monkeys
  7 crimson imps
  A quasit (D:10)
  6 hounds
  10 orc priests
  Crazy Yiuf (D:7)
  2 jellies
  7 orc wizards
  2 centaur skeletons
  A giant frog skeleton (D:10)
  6 iguanas
  9 worker ants
  2 hound zombies
  A hound skeleton (D:4)
  Robin (D:2)
  7 gnolls
  A howler monkey zombie (D:7)
  10 adders
  2 shadow imps
  3 worms
  A dart slug (D:1)
  3 giant geckos
  36 orcs
  A ball python (D:4)
  7 giant cockroaches
  17 goblins
  12 hobgoblins
  5 jackals
  10 kobolds
  8 quokkas
  6 bats
  A giant gecko zombie (D:5)
  6 giant newts
  A quokka skeleton (D:8)
  5 rats
262 creatures vanquished.

Notes
Turn   | Place    | Note
-------+----------+-------------------------------------------
     0 | D:1      | poirepourri the Minotaur Fighter began the quest for the Orb.
     0 | D:1      | Reached XP level 1. HP: 19/19 MP: 0/0
   173 | D:1      | Reached XP level 2. HP: 24/27 MP: 1/1
   383 | D:1      | Reached skill level 3 in Axes
   600 | D:2      | Noticed Robin
   605 | D:2      | Reached XP level 3. HP: 31/34 MP: 2/2
   629 | D:2      | Killed Robin
   629 | D:2      | Reached skill level 5 in Fighting
   629 | D:2      | Reached skill level 1 in Dodging
   942 | D:2      | Reached XP level 4. HP: 42/42 MP: 3/3
  1638 | D:3      | Reached XP level 5. HP: 25/48 MP: 4/4
  2584 | D:4      | Reached skill level 4 in Axes
  2739 | D:4      | Noticed an ogre
  2759 | D:4      | Killed an ogre
  2759 | D:4      | Reached XP level 6. HP: 6/57 MP: 5/5
  3174 | D:4      | Reached skill level 5 in Axes
  3790 | D:4      | Reached XP level 7. HP: 57/64 MP: 6/6
  4091 | D:4      | Reached skill level 5 in Dodging
  4208 | D:5      | Entered Level 5 of the Dungeon
  4219 | D:5      | Reached skill level 6 in Axes
  4272 | D:5      | Found a staircase to the Ecumenical Temple.
  4294 | Temple   | Entered the Ecumenical Temple
  4368 | Temple   | Became a worshipper of Makhleb the Destroyer
  4440 | D:5      | Found an iron altar of Okawaru.
  4703 | D:5      | Found a shattered altar of Ashenzari.
  5011 | D:5      | You fall through a shaft!
  5011 | D:6      | Found Xuwk's Gadget Boutique.
  5064 | D:6      | Reached XP level 8. HP: 29/73 MP: 7/7
  5499 | D:6      | Noticed Grinder
  5516 | D:6      | Killed Grinder
  5516 | D:6      | Reached skill level 7 in Axes
  5928 | D:6      | Reached skill level 8 in Axes
  6664 | D:6      | Found a radiant altar of Vehumet.
  6670 | D:6      | Found a shimmering altar of Xom.
  6676 | D:6      | Found an opulent altar of Gozag.
  7042 | D:7      | Found a runed door.
  7098 | D:7      | Reached skill level 9 in Axes
  7156 | D:7      | Reached XP level 9. HP: 43/82 MP: 8/8
  7517 | D:7      | Noticed Crazy Yiuf
  7521 | D:7      | Killed Crazy Yiuf
  7618 | D:8      | Reached * piety under Makhleb
  7694 | D:8      | Noticed Psyche
  7702 | D:8      | Killed Psyche
  7702 | D:8      | Reached skill level 10 in Axes
  7702 | D:8      | Reached skill level 1 in Evocations
  8435 | D:8      | Reached ** piety under Makhleb
  8503 | D:9      | Noticed a four-headed hydra
  8822 | D:9      | Reached skill level 11 in Axes
  9182 | D:9      | Noticed a troll
  9191 | D:9      | Killed a troll
  9207 | D:9      | Reached XP level 10. HP: 79/93 MP: 9/9
  9250 | D:9      | Reached skill level 10 in Fighting
  9308 | D:9      | Reached skill level 5 in Armour
  9396 | D:9      | Found a white marble altar of Elyvilon.
  9503 | D:9      | Reached *** piety under Makhleb
  9857 | D:10     | Entered Level 10 of the Dungeon
 10224 | D:10     | Reached skill level 12 in Axes
 10329 | D:10     | Noticed a gargoyle
 10337 | D:10     | Killed a gargoyle
 10337 | D:10     | Reached skill level 5 in Shields
 10532 | D:10     | Reached **** piety under Makhleb
 10904 | D:11     | Reached XP level 11. HP: 80/100 MP: 10/10
 10947 | D:11     | Noticed a cyan ugly thing
 10959 | D:11     | Gained mutation: Your spells are a little harder to cast, but a little more powerful. [potion of beneficial mutation]
 10959 | D:11     | Mangled by a cyan ugly thing

Vault maps used:
D:1:      saegor_arrival_simple_b
D:2:      nicolae_overflow_hidden_temple, uniq_robin
D:4:      minmay_opposing_rooms, hangedman_minor_gate_pass
D:5:      kennysheep_little_box, okawaru_trees_2, first_bread
D:6:      minmay_overflow_temple_star_quad, serial_shops, shop,
          hangedman_abyss_or_decor_jellyfish_corner, uniq_grinder
D:7:      kennysheep_generic_room_14, uniq_crazy_yiuf_cottage
D:8:      kennysheep_blocky_hall, serial_co_window_serial, co_window_cross_1,
          co_window_of_opportunity_a, co_window_paths_b, co_window_paths_b,
          co_window_paths_a, co_window_cross_2, co_window_corner_b,
          co_window_corner_cb, glass_columns_a, glass_columns_c,
          glass_columns_a, glass_columns_a, glass_columns_b, uniq_psyche
D:9:      minmay_distorted_concentric_squares, elyvilon_altar_5
D:11:     minmay_lair_entry_lava, orc_david_3, serial_shops, shop, shop,
          hangedman_little_slice_of_home
Temple:   eino_temple_lava

Skill      XL: |  1  2  3  4  5  6  7  8  9 10 |
---------------+-------------------------------+-----
Fighting       | 4 5 6 7 8 9 10 | 10.9
Axes           | 3 4 5 6 9 11 12 | 12.5
Dodging        | 1 2 3 4 5 6 8 |  8.7
Evocations     | 1 |  1.1
Armour         | 4 6 |  6.8
Shields        | 5 |  5.9

Action                   |  1- 3 |  4- 6 |  7- 9 | 10-12 || total
-------------------------+-------+-------+-------+-------++-------
Melee: War axe           |    72 |   154 |   247 |   221 ||   694
       Headbutt          |    10 |    20 |    57 |    44 ||   131
Evoke: Wand              |       |       |     3 |     1 ||     4
  Use: Potion            |     3 |       |     4 |     5 ||    12
       Scroll            |     2 |     7 |    10 |     3 ||    22
  Eat: Bread ration      |       |     1 |     1 |     1 ||     3
       Meat ration       |       |     2 |     2 |       ||     4
       Beef jerky        |       |       |     2 |     1 ||     3
       Pizza             |       |       |     2 |       ||     2
       Fruit             |       |       |       |     1 ||     1
Armor: Scale mail        |    39 |    52 |    69 |    52 ||   212
       Skin              |       |       |       |     2 ||     2
Dodge: Dodged            |    29 |    60 |    90 |    82 ||   261
Block: Shield            |    50 |    96 |   109 |   104 ||   359
